 Dungeon Crawl Stone Soup version 0.18-a0-1523-gbe15c29 (webtiles) character file.

6 Banto the Digger (level 1, -1/14 HPs)
             Began as a Demigod Wanderer on Mar 7, 2016.
             Slain by a jackal (2 damage)
             ... on level 1 of the Dungeon.
             The game lasted 00:00:31 (117 turns).

Banto the Digger (Demigod Wanderer)                  Turns: 117, Time: 00:00:32

Health: -1/14      AC:  2    Str: 15    XL:     1   Next: 60%
Magic:  0/4        EV: 12    Int: 16    God:
Gold:   0          SH:  0    Dex: 15    Spells: 2 memorised, 0 levels left

rFire  . . .     SeeInvis .     e - +0 club
rCold  . . .     Gourm    .     d - +0 robe
rNeg   . . .     Faith    .     (no shield)
rPois  .         Spirit   .     (no helmet)
rElec  .         Dismiss  .     (no cloak)
rCorr  .         Reflect  .     (no gloves)
SustAt +         Harm     .     (no boots)
MR     .....                    (no amulet)
Stlth  +.........               (no ring)
                                (no ring)

@: very slightly contaminated, not resistant to hostile enchantments, very
unstealthy
A: high mp 1, sustain attributes
a: no special abilities


You were on level 1 of the Dungeon.
You were not hungry.

You visited 1 branch of the dungeon, and saw 1 of its levels.

Inventory:

Hand Weapons
 e - a +0 club (weapon)
Armour
 d - a +0 robe (worn)
Jewellery
 g - an uncursed amulet of rage {unknown}
Potions
 c - a potion of curing
Books
 a - a book of Minor Magic

   Spells                             Type                      Level
   a - Magic Dart                     Conjuration                  1
   b - Blink                          Translocation                2
   c - Call Imp                       Summoning                    2
   d - Repel Missiles                 Charms/Air                   2
   e - Slow                           Hexes                        2
   f - Conjure Flame                  Conjuration/Fire             3
   g - Mephitic Cloud                 Conjuration/Poison/Air       3
 b - the Disquisition on Earth

   Spells                             Type                      Level
   a - Sandblast                      Earth                        1
   b - Stone Arrow                    Conjuration/Earth            3
Comestibles
 f - a bread ration


   Skills:
   Level 1.0 Short Blades
 - Level 1.0 Throwing
 - Level 1.7 Dodging
 - Level 1.0 Spellcasting
   Level 1.7 Summonings
 + Level 2.3 Earth Magic
   Level 1.0 Evocations


You couldn't memorise any spells.
You knew the following spells:

 Your Spells              Type           Power        Failure   Level  Hunger
a - Sandblast             Erth           #.....       10%         1    ##.....
b - Magic Dart            Conj           #...         24%         1    ##.....


Dungeon Overview and Level Annotations

Branches:
Dungeon (1/15)


Innate Abilities, Weirdness & Mutations

You have an increased reservoir of magic (+10% MP).
Your attributes are resistant to harm.


Message History

Casting: Sandblast
Confirm with . or Enter, or press ? or * to list all spells.
You don't have enough magic to cast that spell.
Unknown command.
Casting: Sandblast
Confirm with . or Enter, or press ? or * to list all spells.
You don't have enough magic to cast that spell.
Unknown command.
You are too injured to fight recklessly!
You are too injured to fight recklessly!
You are too injured to fight recklessly!
You are too injured to fight recklessly!
You barely miss the jackal. The jackal barely misses you.
The jackal closely misses you.
You barely miss the jackal. The jackal misses you.
You barely miss the jackal. The jackal closely misses you.
The jackal bites you.
* * * LOW HITPOINT WARNING * * *
You closely miss the jackal. The jackal bites you.
You die...

###########
########.........#
.........#######.#
....###..##### #.#
##...........# #@#
#.....#..###.# #h#
##...##..### #h##
###.###..)##.###..###
....................#
###.###..≈≈≈≈.≈≈≈≈≈.#
##'####.≈≈≈≈.≈≈≈≈≈..#
##...###.≈≈≈≈.≈≈≈≈≈..#
#.....##.≈≈≈≈.≈≈≈≈≈..#


You could see 2 jackals.

Vanquished Creatures
  An ooze (D:1)
  A jackal (D:1)
2 creatures vanquished.

Notes
Turn   | Place    | Note
--------------------------------------------------------------
     0 | D:1      | Banto the Demigod Wanderer began the quest for the Orb.
     0 | D:1      | Banto set off with: a book of Minor Magic, the Disquisition on Earth, a potion of curing, a +0 robe, a +0 club, a bread ration
     0 | D:1      | Reached XP level 1. HP: 14/14 MP: 4/4
     0 | D:1      | Identified the Disquisition on Earth
     2 | D:1      | Learned a level 1 spell: Sandblast
     4 | D:1      | Learned a level 1 spell: Magic Dart
    72 | D:1      | Reached skill level 2 in Earth Magic
   117 | D:1      | Slain by a jackal

Vault maps used:
D:1:      minmay_arrival_wavy_path, kennysheep_small_spiral, minivault_14,
          serial_bayou_pond_e, minivault_11

Skill      XL: |  1 |
---------------+----+-----
Earth Magic    | 2 |  2.3
Short Blades   | |  1.0
Throwing       | |  1.0
Dodging        | |  1.7
Spellcasting   | |  1.0
Summonings     | |  1.7
Evocations     | |  1.0

Action                   || total
-------------------------++-------
Melee: Club              ||    15
 Cast: Sandblast         ||     6
